 Dungeon Crawl Stone Soup version 0.29.0-15-g675c0067aa (webtiles) character file.

Game seed: 14981235383877135802

14 Acheron the Chopper (level 2, 0/27 HPs)
             Began as a Minotaur Berserker on Sept 11, 2022.
             Was a Follower of Trog.
             Slain by a hobgoblin (2 damage)
             ... on level 1 of the Dungeon.
             The game lasted 00:01:07 (142 turns).

Acheron the Chopper (Minotaur Berserker)             Turns: 142, Time: 00:01:07

Health: 0/27       AC:  2    Str: 27    XL:     2   Next: 27%
Magic:  1/1        EV: 12    Int:  4    God:    Trog [*.....]
Gold:   7          SH:  0    Dex:  9    Spells: 1/1 levels left

rFire   . . .      SeeInvis .   a - +0 hand axe
rCold   . . .      Faith    .   (no shield)
rNeg    . . .      Spirit   .   b - +0 animal skin
rPois   .          Reflect  .   (helmet restricted)
rElec   .          Harm     .   (no cloak)
rCorr   .          Rampage  .   (no gloves)
Will    .....                   (no boots)
Stlth   +.........              (no amulet)
HPRegen 0.09/turn               d - +6 ring of strength
MPRegen 0.07/turn               (no ring)

@: no status effects
A: horns 2, retaliatory headbutt
a: Renounce Religion, Berserk


You were on level 1 of the Dungeon.
You worshipped Trog.
Trog was aware of your devotion.
You visited 1 branch of the dungeon, and saw 1 of its levels.

You collected 7 gold pieces.

Inventory:

Hand Weapons
 a - a +0 hand axe (weapon)
Armour
 b - a +0 animal skin (worn)
Jewellery
 d - a +6 ring of strength (left hand)
Scrolls
 c - a scroll of identify {unknown}


   Skills:
 + Level 3.8 Fighting
 + Level 3.9 Axes
 * Level 2.6 Armour
 * Level 2.4 Dodging
 * Level 0.4 Stealth


You had one spell level left.
You didn't know any spells.
Your spell library was empty.

Dungeon Overview and Level Annotations

Branches:
Dungeon (1/15)

Altars:


Innate Abilities, Weirdness & Mutations

You have a pair of horns on your head.
You reflexively headbutt those who attack you in melee.


Message History

The rat moves out of view.
A hobgoblin comes into view.
The quokka bites you. x2
* * * LOW HITPOINT WARNING * * *
Unknown command.
The quokka attacks as you move away!
The quokka bites you but does no damage.
The quokka attacks as you move away! The quokka barely misses you.
A hobgoblin comes into view.
The hobgoblin shouts!
A frilled lizard comes into view.
A bat comes into view.
The hobgoblin attacks as you move away! The hobgoblin hits you.
* * * LOW HITPOINT WARNING * * *
The quokka closely misses you.
Found a scroll labelled OGAOTEMURR.
A kobold comes into view. It is wielding a +0 dagger.
The quokka attacks as you move away! The quokka closely misses you.
Found a leather armour.
You slash the rat!
You kill the rat!
Trog accepts your kill.
You closely miss the quokka. The quokka closely misses you.
You furiously retaliate!
You headbutt the quokka, but do no damage.
The bat hits you but does no damage. The quokka misses you.
You slash the quokka!
You kill the quokka!
Trog accepts your kill.
You barely miss the bat. The bat closely misses you. x2
You furiously retaliate!
You headbutt the bat.
You kill the bat!
Trog accepts your kill.
The kobold throws a stone.
The stone closely misses you.
You closely miss the hobgoblin. The hobgoblin hits you.
* * * LOW HITPOINT WARNING * * *
You hit the hobgoblin.
The hobgoblin is almost dead.
The hobgoblin hits you.
You die...

... #.......# #.....
... ##......##......
. #. ##..)..#.......
P.#K## #..)..........
.♣....##..##.........
......g...##.........
#KK...#.#.....>.
#g##............
#@##..#g#.......
#.##..#...#.....
..##..##.K######
.#.....# g..#
.....#... .#..# ..
?...... ..#... ..[
.......... l... ...
...........# ... ..#
8#


You could see 2 hobgoblins and 2 kobolds.

Vanquished Creatures
  3 ball pythons (D:1)
  A goblin (D:1)
  A hobgoblin (D:1)
  2 kobolds (D:1)
  2 quokkas (D:1)
  A bat (D:1)
  A rat (D:1)
11 creatures vanquished.

Notes
Turn   | Place    | Note
-------+----------+-------------------------------------------
     0 | D:1      | Acheron the Minotaur Berserker began the quest for the Orb.
     0 | D:1      | Reached XP level 1. HP: 19/19 MP: 0/0
   107 | D:1      | Reached XP level 2. HP: 20/27 MP: 1/1
   142 | D:1      | Slain by a hobgoblin

Illustrated notes

Levels and vault maps discovered:
D:1:      mushboom_english_gardens, layout_rooms,
          ebering_ecumenical_altar_petrified, corexii_hall_statues_i

Action                   || total
-------------------------++-------
Melee: Hand axe          ||    17
       Headbutt          ||     1
Armor: Animal skin       ||     3
Dodge: Dodged            ||    20
